 Dungeon Crawl Stone Soup version 0.31-a0-489-g282fc92437 (webtiles) character file.

Game seed: 9915896564966420360

295 Ethylacetat the Chopper (level 6, -9/30 (33) HPs)
             Began as a Vine Stalker Monk on Aug 8, 2023.
             Mangled by Terence
             ... wielding a +1 flail of draining
              (12 damage)
             ... on level 3 of the Dungeon.
             The game lasted 00:01:53 (1840 turns).

Ethylacetat the Chopper (Vine Stalker Monk)         Turns: 1840, Time: 00:01:54

HP:   -9/30 (33)    AC:  2    Str: 15    XL:     6   Next: 34%
MP:   0/11          EV: 13    Int: 10    God:
Gold: 134           SH:  0    Dex: 17    Spells: 10/10 levels left

rFire   . . .        a - +0 hand axe
rCold   . . .        d - orb {light}
rNeg    . . .        b - +0 robe
rPois   .            (no helmet)
rElec   .            (no cloak)
rCorr   .            (no gloves)
SInv    .            (no boots)
Will    .....        (no amulet)
Stlth   +            (no ring)
HPRegen 1.05/turn    (no ring)
MPRegen 0.12/turn

%: guardian spirit
@: glowing, drained
A: fangs 2, regeneration 1, magic shield, antimagic bite, no potion heal 2
a: no special abilities


You were on level 3 of the Dungeon.
You visited 1 branch of the dungeon, and saw 3 of its levels.

You collected 134 gold pieces.

Inventory:

Hand Weapons
 a - a +0 hand axe (weapon)
Armour
 b - a +0 robe (worn)
 d - an orb of light (worn)
Scrolls
 e - 2 scrolls of identify {unknown}
 f - a scroll of fear {unknown}
 g - a scroll of vulnerability {unknown}
 k - 2 scrolls of teleportation {unknown}
 n - a scroll of acquirement {unknown}
Potions
 c - a potion of ambrosia
 h - a potion of curing {unknown}
 i - a potion of enlightenment {unknown}
 j - a potion of heal wounds {unknown}
 l - a potion of lignification {unknown}
 m - a potion of brilliance {unknown}


   Skills:
 + Level 3.9 Fighting
 * Level 4.8 Axes
 - Level 2.4 Dodging
 + Level 2.8 Spellcasting


You had 10 spell levels left.
You didn't know any spells.
Your spell library was empty.

Dungeon Overview and Level Annotations

Branches:
Dungeon (3/15)

Altars:

Shops:
D:2 ?

Annotations:
D:3 Terence


Innate Abilities, Weirdness & Mutations

You have extremely sharp teeth.
Your natural rate of healing is unusually fast.
When hurt, damage is shared between your health and your magic reserves.
Your bite disrupts and absorbs the magic of your enemies.
Potions cannot restore your health.


Message History

The hound barks!
You hit Jessica. You bite Jessica.
You kill Jessica!
You hit Terence but do no damage.
You are engulfed in a cloud of scalding steam.
Terence closely misses you.
Your unstable footing causes you to fumble your attack.
You are engulfed in a cloud of scalding steam.
Terence closely misses you.
You are too injured to fight recklessly!
You are too injured to fight recklessly!
Unknown command.
Okay, then.
A kobold comes into view. It is wielding a +0 short sword.
Terence hits you with a +1 flail of draining!
* * * LOW HITPOINT WARNING * * *
You feel drained.
* * * LOW HITPOINT WARNING * * *
Items here: ) / [ †.
The kobold shouts!
You hit Terence.
Terence is moderately wounded.
Terence misses you. The hound bites you but does no damage.
Terence closely misses you.
Press: ? - help, v - describe, . - travel, g - get item
Here: Terence, wielding a +1 flail of draining and wearing a +0 scale mail (moderately wounded, haloed) Item here: a ball python corpse.
The floor, spattered with blood.
You hit Terence.
Terence is moderately wounded.
You hit the hound. The hound completely misses you.
The hound barely misses you.
Terence hits you with a +1 flail of draining.
* * * LOW HITPOINT WARNING * * *
You feel drained.
You hit Terence. You bite Terence, but do no damage.
Terence is heavily wounded.
You hit the hound. The hound bites you but does no damage.
Terence hits you with a +1 flail of draining!
You die...

#....≈...≈...≈...
#..~.~.~.~.~.~.~.~
#.#.≈...≈...≈...≈.
..~.~.~.~.~K~.~.~
#...≈...≈...≈...
#~.~.~.~.~.~.~.~
#.≈...≈@h.≈...≈.
#.~.~.~@~.~.~..
#####...####.......
...........#####..#
#####..<#†..# #
#.[.#...# #...#...#
.....##.##
###..###.# #.. #.#


You could see Terence, a hound and a kobold.

Vanquished Creatures
  Sigmund (D:2)
  Jessica (D:3)
  4 gnolls
  4 adders (D:2)
  A dart slug (D:1)
  An endoplasm (D:1)
  A giant cockroach (D:1)
  4 goblins
  5 hobgoblins
  4 jackals (D:2)
  5 kobolds
  A quokka (D:2)
  10 ball pythons
  6 bats (D:1)
  2 frilled lizards (D:1)
  3 rats (D:2)
53 creatures vanquished.

Notes
Turn   | Place    | Note
-------+----------+-------------------------------------------
     0 | D:1      | Ethylacetat the Vine Stalker Monk began the quest for the
                  | Orb.
     0 | D:1      | Reached XP level 1. HP: 11/11 MP: 2/2
   223 | D:1      | Reached XP level 2. HP: 4/16 MP: 0/3
   302 | D:1      | Reached skill level 3 in Axes
   430 | D:1      | Reached skill level 1 in Spellcasting
   519 | D:1      | Reached XP level 3. HP: 20/20 MP: 5/5
  1051 | D:2      | Found Sutseomaoll's Magic Scroll Shop.
  1085 | D:2      | Gained mutation: Your natural rate of healing is unusually
                  | fast. [Vine Stalker growth]
  1085 | D:2      | Reached XP level 4. HP: 13/24 MP: 4/7
  1116 | D:2      | Found a faded altar of an unknown god.
  1302 | D:2      | Noticed Sigmund
  1314 | D:2      | Killed Sigmund
  1315 | D:2      | Reached skill level 4 in Axes
  1315 | D:2      | Reached XP level 5. HP: 29/29 MP: 7/9
  1315 | D:2      | Reached XP level 6. HP: 33/33 MP: 7/10
  1830 | D:3      | Noticed Jessica
  1831 | D:3      | Noticed Terence
  1835 | D:3      | Killed Jessica
  1840 | D:3      | Mangled by Terence

Illustrated notes

Levels and vault maps discovered:
D:1:      amcnicky_arrival_underground_garden, layout_loops_corners,
          serial_bayou_pond_b
D:2:      layout_basic, serial_shops, shop_fountains,
          shapermc_ecumenical_altar_mp_ritualfount, uniq_sigmund
D:3:      wad_lake_hut, layout_loops_ring, serial_shops, shop,
          kennysheep_crisscross, minmay_surrounded, uniq_jessica, uniq_terence,
          uniq_natasha

Skill      XL: |  1  2  3  4 |
---------------+-------------+-----
Axes           | 3 4 |  4.8
Fighting       | 3 |  3.9
Spellcasting   | 1 2 |  2.8
Dodging        | |  2.4

Action                     |  1- 3 |  4- 6 || total
---------------------------+-------+-------++-------
  Melee: Hand axe          |    62 |    66 ||   128
         Bite              |    17 |    21 ||    38
 Armour: Robe              |    10 |     9 ||    19
  Dodge: Dodged            |    51 |    44 ||    95

Table legend: (Time is in decaauts)
 A = Elapsed time spent in this place.
 B = Non-inter-level travel time spent in this place.
 C = Inter-level travel time spent in this place.
 D = Time resting spent in this place.
 E = Time spent auto-exploring this place.
 F = Levels seen in this place.
 G = Mean time per level.
                   A        B        C        D        E       F      G
               +--------+--------+--------+--------+--------+-----+--------+
         Total |   1858 |   1810 |     48 |     36 |   1495 |   3 |  619.3 |
       Dungeon |   1858 |   1810 |     48 |     36 |   1495 |   3 |  619.3 |
               +--------+--------+--------+--------+--------+-----+--------+

Top non-repeatable levels by time:
     D:1: 1009 daAuts
     D:2: 823 daAuts
     D:3: 25 daAuts
